 Dungeon Crawl Stone Soup version 0.24.0-123-gd5b16e6ec5 (webtiles) character file.

Game seed: 2003484685679082136, levelgen mode: deterministic

0 glosham the Skirmisher (level 1, -10/18 HPs)
             Began as a Mummy Abyssal Knight on Jan 9, 2020.
             Was a Follower of Lugonu.
             Killed from afar by a hell hound (28 damage)
             ... with a blast of flame
             ... on level 2 of the Abyss.
             The game lasted 00:01:16 (57 turns).

glosham the Skirmisher (Mummy Abyssal Knight)         Turns: 57, Time: 00:01:16

Health: -10/18     AC:  3    Str: 15    XL:     1   Next: 0%
Magic:  2/2        EV: 11    Int: 11    God:    Lugonu [*.....]
Gold:   0          SH:  0    Dex: 11    Spells: 0/0 levels left

rFire    x . .     SeeInvis .   a - +1 hand axe
rCold    + . .     Gourm    .   (no shield)
rNeg     + + +     Faith    .   b - +0 leather armour
rPois    ∞         Spirit   .   (no helmet)
rElec    .         Reflect  .   (no cloak)
rCorr    .         Harm     .   (no gloves)
MR       .....                  (no boots)
Stlth    +.........             (no amulet)
HPRegen  0.06/turn              (no ring)
MPRegen  0.08/turn              (no ring)

@: no status effects
A: no food or potions, fire vulnerability, cold resistance 1, negative energy
resistance 3, torment resistance, unbreathing
a: Depart the Abyss, Renounce Religion


You were on level 2 of the Abyss.
You worshipped Lugonu.
Lugonu was aware of your devotion.
You were not hungry.

You visited 0 branches of the dungeon, and saw 0 of its levels.
You visited the Abyss 1 time.

Inventory:

Hand Weapons
 a - a +1 hand axe (weapon)
Armour
 b - a +0 leather armour (worn)


   Skills:
 - Level 3.0 Fighting
 * Level 1.5 Axes
 - Level 1.5 Armour
 - Level 0.7 Dodging
 - Level 1.5 Invocations


You couldn't memorise any spells.
You didn't know any spells.
Your spell library was empty.

Dungeon Overview and Level Annotations

Branches:
Dungeon (0/15)

Altars:


Innate Abilities, Weirdness & Mutations

You do not eat or drink.
Your flesh is vulnerable to fire.
You are immune to poison.
Your flesh is cold resistant. (rC+)
You are immune to negative energy. (rN+++)
You are immune to unholy pain and torment.
You can survive without breathing.


Message History

Welcome, glosham the Mummy Abyssal Knight.
Will you prevail where others failed? Will you find the Orb of Zot?
Lugonu says: Depart the Abyss and spread corruption, my servant! (use the ability menu to exit the Abyss) Press ? for a list of commands and other information.
Found a corrupted altar of Lugonu.
Found a gateway leading deeper into the Abyss.
Found a sedimented black potion.
Found a gateway leading out of the Abyss.
There is a gateway leading deeper into the Abyss here.
You plunge deeper into the Abyss.
Found a robe.
Found a corrupted altar of Lugonu.
You enter the shallow water.
Moving in this stuff is going to be slow.
A tentacled starspawn comes into view.
Found a gateway leading out of the Abyss.
Tentacles burst from the starspawn's body! 2 starspawn tentacles come into view.
The starspawn tentacle barely misses you.
A small abomination comes into view.
A hell hound comes into view. 2 hell hounds come into view.
The hell hound barks! x2
The hell hound breathes flames at you. The blast of flame hits you!!
The fire burns you terribly!
Ouch! That really hurt!
You die...

. #.## #. .x. ..
.. #. #. ## h.
###.#.# .#
#.##.## h## #
#...#.##h.#
#...#..#..@..#
#.. ##.#####..#
. ###. .#....#
....
..#.#.#....#..#
.... ....##....#
.# ... ### ..
#.#. #. .
#........#. #
..####..#.#. .##
......##.#####.#


You could see 3 hell hounds.

Vanquished Creatures (others)
  3 starspawn tentacles (Abyss:2)
3 creatures vanquished.

Notes
Turn   | Place    | Note
-------+----------+-------------------------------------------
     0 | Abyss:1  | glosham the Mummy Abyssal Knight began the quest for the
                  | Orb.
     0 | Abyss:1  | Reached XP level 1. HP: 18/18 MP: 2/2
     9 | Abyss:2  | Found a corrupted altar of Lugonu.
    35 | Abyss:2  | Noticed a tentacled starspawn
    54 | Abyss:2  | Noticed a small abomination
    56 | Abyss:2  | Noticed a hell hound
    57 | Abyss:2  | Noticed a hell hound
    57 | Abyss:2  | Noticed a hell hound
    57 | Abyss:2  | Killed from afar by a hell hound

Levels and vault maps discovered:
Abyss:2

Action                   || total
-------------------------++-------
Dodge: Dodged            ||     1

Table legend:
 A = Turns spent in this place as a percentage of turns spent in the entire game.
 B = Non-inter-level travel turns spent in this place as a percentage of non-inter-level travel turns spent in the entire game.
 C = Inter-level travel turns spent in this place as a percentage of turns spent in this place.
 D = Turns resting spent in this place as a percentage of non-inter-level travel turns spent in this place.
 E = Turns spent auto-exploring this place as a percentage of non-inter-level travel turns spent in this place.
 F = Non-inter-level travel turns spent in this place divided by the number of levels of this place that you've seen.
                   A       B       C       D       E      F
               +-------+-------+-------+-------+-------+----------------------
         Total | 100.0 | 100.0 |   0.0 |   0.0 |   0.0 |  28.5
         Abyss | 100.0 | 100.0 |   0.0 |   0.0 |   0.0 |  28.5
               +-------+-------+-------+-------+-------+----------------------

Levels and vault maps discovered:
Abyss:2
